 Dungeon Crawl Stone Soup version 0.31.0-9-g3a7656b989 (webtiles) character file.

Game seed: 4536437804532734267

150 qw the Shooter (level 4, -1/36 HPs)
             Began as a Demigod Hunter on Feb 2, 2024.
             Incinerated by a bombardier beetle (4 damage)
             ... with a burning spray
             ... on level 3 of the Dungeon.
             The game lasted 00:00:07 (1728 turns).

qw the Shooter (Demigod Hunter)                     Turns: 1728, Time: 00:00:07

Health: -1/36      AC:  6    Str: 12    XL:     4   Next: 84%
Magic:  6/6        EV: 11    Int: 11    God:
Gold:   124        SH:  0    Dex: 21    Spells: 3/3 levels left

rFire   . . .        a - +0 shortbow
rCold   . . .        (shield currently unavailable)
rNeg    . . .        f - +0 ring mail
rPois   .            (no helmet)
rElec   .            (no cloak)
rCorr   .            (no gloves)
SInv    .            e - +0 pair of boots
Will    .....        c - amulet of regeneration
Stlth   +            (no ring)
HPRegen 1.06/turn    (no ring)
MPRegen 0.10/turn

%: no passive effects
@: on fire, glowing
A: high MP 1, forlorn, divine attributes
a: no special abilities


You were on level 3 of the Dungeon.
You visited 1 branch of the dungeon, and saw 3 of its levels.

You collected 124 gold pieces.


Innate Abilities, Weirdness & Mutations

You have an increased reservoir of magic. (+10% MP)
You shall have no god before yourself.
Your divine heritage dramatically boosts your attributes as you level up.


   Skills:
 - Level 2.0 Fighting
 + Level 5.5 Ranged Weapons
 - Level 1.0 Armour
 - Level 2.0 Dodging
 - Level 0.8 Stealth


You had 3 spell levels left.
You didn't know any spells.
Your spell library was empty.

Inventory:

Hand Weapons
 a - a +0 shortbow (weapon)
Armour
 e - a +0 pair of boots (worn)
 f - a +0 ring mail (worn)
Jewellery
 b - a +5 ring of evasion
 c - an amulet of regeneration (around neck)
 h - a ring of wizardry
Scrolls
 g - a scroll of identify
Potions
 d - a potion of haste
 i - a potion of heal wounds {unknown}

Dungeon Overview and Level Annotations

Branches:
Dungeon (3/15)


Message History

You shoot an arrow. The orc shouts!
The arrow hits the bombardier beetle.
The bombardier beetle is severely wounded.
The bombardier beetle sprays incendiary fluid at you.
The burning spray hits you.
You are covered in liquid fire!
You shoot an arrow. The arrow hits the bombardier beetle!
You kill the bombardier beetle!
The liquid fire burns you!
You shoot an arrow. The arrow barely misses the orc.
The liquid fire burns you!
You shoot an arrow. The arrow hits the orc!
You kill the orc!
The liquid fire burns you!
You are on fire!
The liquid fire burns you!
You are on fire!
The liquid fire burns you!
You are on fire!
The liquid fire burns you!
You are on fire!
The liquid fire burns you!
You are on fire!
The liquid fire burns you!
You are on fire!
The liquid fire burns you!
You are on fire!
The liquid fire burns you!
You are on fire!
The liquid fire burns you!
You are on fire!
The liquid fire burns you!
You are on fire!
The liquid fire burns you!
You are on fire!
The liquid fire burns you!
You are on fire!
The liquid fire burns you!
You die...

....................#
....................#
##.#................# .
#.#................# ..
#...##.............#
...##...##....%........#
........##......###.)##.
..................##.##.
......)@##......#.##....
.).....###..#...........
........%...##..........
###..#.#..#.#########.))
.?.##.......# ### #..)
.##.##..#..#.# ... ##..
##.#..##.##.# ?.? #..
###....)##.#############.
#....##.##.### #.....# ##


There were no monsters in sight!

Vanquished Creatures
  A bombardier beetle (D:3)
  5 adders
  A dart slug (D:2)
  10 orcs (D:3)
  3 endoplasms (D:3)
  3 giant cockroaches
  8 goblins
  7 hobgoblins
  9 kobolds
  A quokka (D:1)
  4 ball pythons
  5 bats
  2 frilled lizards (D:1)
59 creatures vanquished.

Notes
Turn   | Place    | Note
-------+----------+-------------------------------------------
     0 | D:1      | qw the Demigod Hunter began the quest for the Orb.
     0 | D:1      | Reached XP level 1. HP: 17/17 MP: 3/3
     0 | D:1      | 0 ||| qw: Version: 0.3-a-155-g5e7d8dd
     0 | D:1      | 0 ||| qw: Game counter: 434
     0 | D:1      | 0 ||| qw: Melee chars always use a shield: true
     0 | D:1      | 0 ||| qw: God list: Okawaru
     0 | D:1      | 0 ||| qw: Allow faded altars: false
     0 | D:1      | 0 ||| qw: Do Orc after clearing Dungeon:15 true
     0 | D:1      | 0 ||| qw: Do second Lair branch before Depths: true
     0 | D:1      | 0 ||| qw: Lair rune preference: random
     0 | D:1      | 0 ||| qw: Goals: Normal
     0 | D:1      | 0 ||| PLANNING D:1-11
    75 | D:1      | Reached skill level 4 in Ranged Weapons
   102 | D:1      | Reached XP level 2. HP: 24/24 MP: 4/4
   637 | D:1      | 637 ||| UPGRADING to +0 ring mail.
   647 | D:1      | 647 ||| DROPPING +0 leather armour.
   648 | D:1      | 648 ||| READING scroll labelled WIALEPIWKE.
   649 | D:1      | 649 ||| DROPPING scroll of butterflies.
   849 | D:2      | Reached XP level 3. HP: 29/29 MP: 5/5
   922 | D:2      | HP: 6/29 [adder (2)]
  1110 | D:2      | Reached skill level 5 in Ranged Weapons
  1398 | D:2      | 1398 ||| UPGRADING to +0 pair of boots.
  1403 | D:2      | 1403 ||| UPGRADING to amulet of regeneration.
  1408 | D:2      | 1408 ||| READING 2 scrolls labelled JARAUX TOVAIBA.
  1408 | D:2      | 1408 ||| IDENTIFYING bubbling blue potion
  1409 | D:2      | 1409 ||| READING scroll of identify.
  1409 | D:2      | 1409 ||| IDENTIFYING smoky grey potion
  1410 | D:2      | 1410 ||| READING scroll labelled PEAKYOLOYT.
  1415 | D:2      | 1415 ||| DROPPING potion of berserk rage.
  1457 | D:3      | Reached XP level 4. HP: 22/36 MP: 6/6
  1519 | D:3      | Reached skill level 1 in Armour
  1725 | D:3      | HP: 7/36 [burnt (4)]
  1726 | D:3      | HP: 3/36 [burnt (5)]
  1728 | D:3      | Incinerated by a bombardier beetle

Levels and vault maps discovered:
D:1:      heliophobic_arrival_battle_scene, layout_basic,
          hellmonk_ecumenical_altar_inner_sanctum
D:2:      layout_loops_ring
D:3:      layout_rooms, zin_scriptorium

Skill      XL: |  1  2  3  4 |
---------------+-------------+-----
Ranged Weapons | 4 5 |  5.5
Fighting       | 2 |  2.0
Armour         | 1 |  1.0
Dodging        | 2 |  2.0
Stealth        | |  0.8

Action                     |  1- 3 |  4- 6 || total
---------------------------+-------+-------++-------
   Fire: Shortbow          |   122 |    55 ||   177
    Use: Scroll            |     4 |       ||     4
 Armour: Leather armour    |     4 |       ||     4
         Ring mail         |    33 |    18 ||    51
  Dodge: Dodged            |    40 |    18 ||    58

Table legend:
 A = Non-vault XP
 B = Vault XP
 C = Vault XP percentage of total XP
 D = Non-vault monster count
 E = Vault monster count
 F = Vault count percentage of total count
                 A         B        C        D         E       F
            +---------+---------+-------+---------+---------+-------
      Total |     215 |       0 |   0.0 |      59 |       0 |   0.0
            +---------+---------+-------+---------+---------+-------
        D:1 |      26 |       0 |   0.0 |      16 |       0 |   0.0
        D:2 |      71 |       0 |   0.0 |      20 |       0 |   0.0
        D:3 |     118 |       0 |   0.0 |      23 |       0 |   0.0
            +---------+---------+-------+---------+---------+-------
